 Dungeon Crawl Stone Soup version 0.30-a0-591-g3c58d2bc28 (webtiles) character file.

Game seed: 2297620774856587882

4062 holysushi the Slicer (level 10, 0/58 HPs)
             Began as a Vampire Enchanter on Jan 5, 2023.
             Was a Follower of Wu Jian.
             Slain by a moth of wrath (15 damage)
             ... on level 7 of the Dungeon.
             The game lasted 00:17:08 (6357 turns).

holysushi the Slicer (Vampire Enchanter)            Turns: 6357, Time: 00:17:09

Health: 0/58       AC:  7    Str:  7    XL:     10   Next: 5%
Magic:  13/13      EV: 17    Int: 19    God:    Wu Jian [*.....]
Gold:   261        SH:  5    Dex: 24    Spells: 2/13 levels left

rFire   . . .      SeeInvis +    a - +2 dagger
rCold   + + .      Faith    .    m - +0 buckler
rNeg    + + +      Spirit   .    b - +0 robe
rPois   ∞          Reflect  .    H - +0 helmet
rElec   .          Harm     .    C - +0 cloak
rCorr   .          Rampage  .    k - +0 pair of gloves
Will    +....                    F - +1 pair of boots {Stlth+}
Stlth   +++++++                  (no amulet)
HPRegen 0.00/turn                h - +6 ring of dexterity
MPRegen 0.13/turn                s - +4 ring of slaying

@: bloodless, inhibited regen
A: bloodless, fangs 3, see invisible, vampiric 2
a: Bat Form, Revivify, Renounce Religion


You were on level 7 of the Dungeon.
You worshipped Wu Jian.
Wu Jian was aware of your devotion.
You visited 2 branches of the dungeon, and saw 8 of its levels.

You collected 475 gold pieces.
You spent 214 gold pieces at shops.

Inventory:

Hand Weapons
 a - a +2 dagger (weapon)
 f - a +0 dagger of protection
Missiles
 I - 3 throwing nets (quivered)
Armour
 b - a +0 robe (worn)
 k - a +0 pair of gloves (worn)
 m - a +0 buckler (worn)
 C - a +0 cloak (worn)
 F - a +1 pair of boots of stealth (worn)
 H - a +0 helmet (worn)
Jewellery
 d - a ring of willpower
 h - a +6 ring of dexterity (left hand)
 s - a +4 ring of slaying (right hand)
 D - a ring of resist corrosion
 E - the amulet of Elemental Vulnerability {rPois rF-- rC-- AC+8}
   (You found it on level 4 of the Dungeon)

   [amulet of nothing]

   AC:        It affects your AC (+8).
   rF:        It makes you very vulnerable to fire.
   rC:        It makes you very vulnerable to cold.
   rPois:     It protects you from poison.
Wands
 y - a wand of flame (40)
 J - a wand of mindburst (12)
 L - a wand of roots (3)
 M - a wand of polymorph (10)
 Q - a wand of charming (5)
Scrolls
 q - 3 scrolls of vulnerability
 r - a scroll of immolation {unknown}
 t - 3 scrolls of identify
 u - 2 scrolls of acquirement {unknown}
 v - 2 scrolls of blinking {unknown}
 z - 3 scrolls of poison {unknown}
 B - 8 scrolls of teleportation
 G - 2 scrolls of silence {unknown}
 K - 2 scrolls of magic mapping {unknown}
 N - 3 scrolls of fear {unknown}
 O - a scroll of noise {unknown}
Potions
 e - 4 potions of might
 g - 3 potions of brilliance {unknown}
 i - 6 potions of curing
 j - 3 potions of mutation {unknown}
 l - 3 potions of haste {unknown}
 n - 5 potions of attraction {unknown}
 o - a potion of flight {unknown}
 p - a potion of berserk rage {unknown}
 w - 3 potions of ambrosia {unknown}
 x - a potion of lignification {unknown}
 A - 3 potions of heal wounds {unknown}
 P - a potion of degeneration {unknown}


   Skills:
 + Level 4.8 Fighting
 - Level 11.4 Short Blades
 + Level 7.0 Dodging
 + Level 7.5 Stealth
 - Level 2.0 Spellcasting
 - Level 7.0 Hexes
 - Level 2.0 Evocations


You had 2 spell levels left.
You knew the following spells:

 Your Spells              Type           Power      Damage    Failure   Level
a - Confusing Touch       Hex            28%        N/A       3%          3
b - Tukima's Dance        Hex            28%        N/A       3%          3
c - Ensorcelled Hibernat  Hex/Ice        30%        N/A       9%          2
d - Dazzling Flash        Conj/Hex       30%        N/A       16%         3

Your spell library contained the following spells:

 Spells                   Type           Power      Damage    Failure   Level
 Gell's Gravitas          Tloc           1%         N/A       56%         3
 Lesser Beckoning         Tloc           2%         N/A       56%         3
 Teleport Other           Tloc           1%         N/A       56%         3


Dungeon Overview and Level Annotations

Branches:
Dungeon (7/15) Zot: 26037  Temple (1/1) D:6 Zot: 5781

Altars:
Ashenzari
Cheibriados
Dithmenos
Fedhas
Gozag
Hepliaklqana
Kikubaaqudgha
Makhleb
Nemelex Xobeh
Okawaru
Qazlal
Ru
Sif Muna
Trog
Uskayaw
Vehumet
Wu Jian
Xom
Yredelemnul

Shops:
D:4 *

Annotations:
D:7 1 transporter


Innate Abilities, Weirdness & Mutations

You do not regenerate when monsters are visible.
You are frail without blood (-20% HP).
You can heal yourself when you bite living creatures.
You are immune to poison.
You have razor-sharp teeth.
You have supernaturally acute eyesight. (SInv)
You are afflicted with vampirism and can become a bat while bloodless.


Message History

The Council accepts your kill. You block the bullfrog's attack.
You block the bullfrog's attack. The bullfrog attacks as you move away!
The bullfrog barely misses you.
The moth of wrath goads the bullfrog on!
The bullfrog goes berserk!
You puncture the bullfrog!
The bullfrog is moderately wounded.
You block the bullfrog's attack.
You barely miss the bullfrog.
The bullfrog is moderately wounded.
The bullfrog hits you but does no damage.
The bullfrog misses you.
You puncture the bullfrog! Your bite misses the bullfrog.
The bullfrog is heavily wounded.
The bullfrog closely misses you. The moth of wrath bites you.
You hit the bullfrog.
The bullfrog is severely wounded.
You block the bullfrog's attack.
You hit the bullfrog.
The bullfrog is severely wounded.
The bullfrog hits you. The moth of wrath bites you!!
You hit the bullfrog. You bite the bullfrog.
You draw the bullfrog's blood!
You feel better.
The bullfrog is almost dead.
The bullfrog completely misses you. The moth of wrath bites you!
The bullfrog hits you.
* * * LOW HITPOINT WARNING * * *
You hit the bullfrog.
You kill the bullfrog!
The Council accepts your kill.
Your Dodging skill increases to level 7!
You barely miss the moth of wrath. You block the moth of wrath's attack.
You barely miss the moth of wrath. You block the moth of wrath's attack.
You hit the moth of wrath.
The moth of wrath is lightly wounded.
You hit the moth of wrath.
The moth of wrath is lightly wounded.
The moth of wrath bites you!
You die...

.#..........#####....###########
##..........# #....#
##..........# #....#
##..........#####....#
.'...................#
##....##...#####.....######
......##.###...###..#.....#
......##.#©......##.#.....#
......##.#...#.#@.#.'....>#
......#..#...#.#†y#.#.....######
......#.##.#.....##.######.....#
####+##.# #...#.$#...# #.....#
........#...#©.[!#©..# #.....#
........##.....#[#...# #.....#
.###+#..©#.#...#.##..# #.....#
.#......##..##.#..#..#####.....#
##......#...#...#.#............#


You could see a moth of wrath.

Vanquished Creatures
  The ghost of Encipher the Thaumaturge, a novice DjDe of Ashenzari (D:7)
  5 yaks (D:6)
  Edmund (D:5)
  2 water moccasins
  An orc warrior (D:7)
  A black bear (D:5)
  2 ice beasts
  2 sky beasts
  3 ogres
  2 centaurs
  2 phantoms
  2 kobold brigands (D:6)
  4 bullfrogs (D:7)
  5 scorpions
  6 hounds
  A jelly (D:5)
  2 orc priests (D:3)
  6 iguanas
  2 orc wizards
  A gnoll (D:2)
  11 adders
  2 ufetubi
  A worm (D:3)
  5 dart slugs
  12 orcs
  7 endoplasms
  4 giant cockroaches
  5 goblins
  11 hobgoblins
  4 quokkas
  12 ball pythons
  10 bats
  A frilled lizard (D:3)
  13 kobolds
  3 rats
152 creatures vanquished.

Vanquished Creatures (collateral kills)
  An orc (D:7)
1 creature vanquished.

Vanquished Creatures (others)
  A dancing weapon (D:7)
1 creature vanquished.

Grand Total: 154 creatures vanquished

Notes
Turn   | Place    | Note
-------+----------+-------------------------------------------
     0 | D:1      | holysushi the Vampire Enchanter began the quest for the
                  | Orb.
     0 | D:1      | Reached XP level 1. HP: 13/13 MP: 3/3
   421 | D:1      | Reached XP level 2. HP: 19/20 MP: 5/5
   526 | D:1      | Reached skill level 1 in Fighting
  1111 | D:2      | Reached skill level 2 in Short Blades
  1170 | D:2      | HP: 1/21 [gnoll/+0 club (7)]
  1241 | D:2      | Gained mutation: You are afflicted with vampirism and can
                  | become a bat while bloodless. [Vampire growth]
  1241 | D:2      | Reached XP level 3. HP: 24/26 MP: 6/6
  1569 | D:2      | Reached XP level 4. HP: 24/25 MP: 7/7
  1611 | D:2      | Reached skill level 3 in Short Blades
  2021 | D:3      | HP: 1/25 [orc priest/divine providence (11)]
  2042 | D:3      | Reached XP level 5. HP: 12/30 MP: 8/8
  2663 | D:4      | Found Nucipt's General Store.
  2666 | D:4      | Reached skill level 4 in Short Blades
  2710 | D:4      | Reached XP level 6. HP: 35/35 MP: 9/9
  2857 | D:4      | Reached skill level 5 in Short Blades
  3114 | D:4      | Found the amulet of Elemental Vulnerability {rPois rF--
                  | rC-- AC+8}
  3203 | D:5      | Entered Level 5 of the Dungeon
  3251 | D:4      | Bought a +1 pair of boots of stealth for 214 gold pieces
  3301 | D:5      | Reached skill level 6 in Short Blades
  3410 | D:5      | Reached XP level 7. HP: 40/40 MP: 10/10
  3416 | D:5      | Reached skill level 7 in Short Blades
  3443 | D:5      | Learned a level 3 spell: Confusing Touch
  3447 | D:5      | Learned a level 3 spell: Tukima's Dance
  3450 | D:5      | Learned a level 2 spell: Ensorcelled Hibernation
  3490 | D:5      | Reached skill level 5 in Stealth
  3672 | D:5      | Noticed Edmund
  3677 | D:5      | Killed Edmund
  3678 | D:5      | Reached skill level 8 in Short Blades
  3678 | D:5      | Reached skill level 1 in Evocations
  3687 | D:5      | Reached XP level 8. HP: 44/44 MP: 11/11
  4059 | D:6      | Reached skill level 9 in Short Blades
  4078 | D:6      | Found a staircase to the Ecumenical Temple.
  4150 | Temple   | Entered the Ecumenical Temple
  4301 | Temple   | Became a worshipper of the Wu Jian Council
  4417 | D:6      | Reached skill level 10 in Short Blades
  4473 | D:6      | Reached skill level 11 in Short Blades
  4558 | D:6      | Reached XP level 9. HP: 45/48 MP: 12/12
  4566 | D:6      | Learned a level 3 spell: Dazzling Flash
  4663 | D:6      | Reached skill level 5 in Hexes
  4819 | D:6      | Reached skill level 5 in Dodging
  4890 | D:6      | Reached * piety under Wu Jian
  5396 | D:7      | Found a transporter.
  5396 | D:7      | Noticed Encipher's ghost (novice DjDe)
  5424 | D:7      | Found a transporter.
  5492 | D:7      | Found a burning altar of Makhleb.
  5492 | D:7      | Found a hazy altar of Hepliaklqana.
  5492 | D:7      | Found a snail-covered altar of Cheibriados.
  5496 | D:7      | Found a broken altar of Ashenzari.
  5497 | D:7      | Found a sacrificial altar of Ru.
  5499 | D:7      | Found a radiant altar of Vehumet.
  5499 | D:7      | Found a shimmering altar of Xom.
  5502 | D:7      | Found an iron altar of Okawaru.
  5505 | D:7      | Found a blossoming altar of Fedhas.
  5506 | D:7      | Found a stormy altar of Qazlal.
  6327 | D:7      | Noticed a moth of wrath
  6328 | D:7      | Killed Encipher's ghost
  6331 | D:7      | Reached XP level 10. HP: 58/58 MP: 13/13
  6357 | D:7      | Slain by a moth of wrath

Illustrated notes

Levels and vault maps discovered:
D:1:      elethiomel_arrival_quiet, layout_loops_corners
D:2:      minmay_alternating_diamond, layout_loops_ring
D:3:      layout_basic
D:4:      layout_basic, serial_shops, nicolae_square_shop
D:5:      minmay_inner_zag, layout_basic, uniq_edmund
D:6:      layout_loops_corners, minmay_temple_entry_glass,
          dreamdust_mushroom_princess, minmay_bent
D:7:      layout_gridville, nicolae_overflow_hallway_of_the_gods,
          gammafunk_ghost_berserking_beasts
Temple:   hellmonk_temple_forest_ring

Skill      XL: |  1  2  3  4  5  6  7  8  9 10 |
---------------+-------------------------------+-----
Fighting       | 1 2 4 |  4.8
Short Blades   | 2 3 4 6 8 11 | 11.4
Dodging        | 3 4 6 7 |  7.0
Stealth        | 6 7 |  7.5
Evocations     | 2 |  2.0
Hexes          | 7 |  7.0
Spellcasting   | |  2.0

Action                   |  1- 3 |  4- 6 |  7- 9 | 10-12 || total
-------------------------+-------+-------+-------+-------++-------
Melee: Dagger            |    98 |   107 |   244 |    24 ||   473
       Bite              |     8 |     7 |    34 |     3 ||    52
 Cast: Tukima's Dance    |       |       |     4 |       ||     4
Invok: Lunge             |       |       |    20 |       ||    20
 Abil: Exsanguinate      |     1 |       |       |       ||     1
Evoke: Wand              |       |       |     2 |       ||     2
  Use: Scroll            |     1 |     2 |       |       ||     3
       Potion            |       |     3 |     1 |       ||     4
 Stab: Sleeping          |    18 |    23 |    22 |       ||    63
       Distracted        |     1 |       |     4 |       ||     5
       Invisible         |       |     2 |       |       ||     2
Armor: Robe              |    13 |    21 |    44 |     2 ||    80
Dodge: Dodged            |    42 |    63 |    69 |     9 ||   183
Block: Buckler           |     3 |    10 |    26 |    10 ||    49

Table legend: (Time is in decaauts)
 A = Elapsed time spent in this place.
 B = Non-inter-level travel time spent in this place.
 C = Inter-level travel time spent in this place.
 D = Time resting spent in this place.
 E = Time spent auto-exploring this place.
 F = Levels seen in this place.
 G = Mean time per level.
                   A        B        C        D        E       F      G
               +--------+--------+--------+--------+--------+-----+--------+
         Total |   6230 |   5898 |    332 |    340 |   4019 |   8 |  778.8 |
       Dungeon |   6012 |   5711 |    301 |    291 |   3895 |   7 |  858.9 |
        Temple |    218 |    188 |     30 |     49 |    124 |   1 |  218.0 |
               +--------+--------+--------+--------+--------+-----+--------+

Top non-repeatable levels by time:
     D:6: 1194 daAuts
     D:1: 1108 daAuts
     D:7: 848 daAuts
     D:2: 833 daAuts
     D:5: 738 daAuts
     D:4: 677 daAuts
     D:3: 611 daAuts
  Temple: 218 daAuts
